[Event "*** SCC Grand Prix: Titled Tuesday Blitz"]
[Site "Chess.com"]
[Date "2020.07.07"]
[Round "2"]
[White "Joshukid"]
[Black "ErikBlomqvist"]
[Result "0-1"]
[WhiteElo "2687"]
[BlackElo "2510"]
[TimeControl "180+1"]
[EndTime "10:20:04 PDT"]
[Termination "ErikBlomqvist won by checkmate"]

1. Nf3 c5 2. c4 Nf6 3. b3 g6 4. Bb2 Bg7 5. g3 b6 6. Bg2 Bb7 7. O-O O-O 8. d4 cxd4 9. Qxd4 d6 10. Nc3 Nbd7 11. Qd2 Rc8 12. Rfd1 a6 13. Rac1 Rc7 14. Ne1 Qa8 15. Bxb7 Qxb7 16. f3 b5 17. cxb5 axb5 18.
a4 bxa4 19. bxa4 Ra8 20. Kf1 Nb6 21. Nb5 Rxc1 22. Rxc1 Nxa4 23. Bxf6 Bxf6 24. Nc7 Rc8 25. Nd5 Rxc1 26. Nxf6+ exf6 27. Qxc1 Nc5 28. Qf4 Qe7 29. Nc2 Qe5 30. Qd2 Kg7 31. Kg2 h5 32. Ne3 Nb3 33.
Qd3 Nd4 34. Kf2 Qc5 35. Kg2 Ne6 36. Nc4 d5 37. Ne3 d4 38. Nc2 Qe5 39. h4 f5 40.
Kf2 f4 41. gxf4 Qxf4 42. Qe4 Qh2+ 43. Ke1 Qg3+ 44. Kd2 Qd6 45. Ke1 Qc5 46. Kd1 Qc3 47. Qe5+ Kg8 48. Qb8+ Kh7 49. Qb7 Kg7 50. Qb8 d3 51.
exd3 Qxd3+ 52. Kc1 Qxf3 53. Qe5+ Qf6 54. Qe2 Qxh4 55.
Ne3 Qg5 56. Qb2+ Kh7 57. Qf2 Kg8 58. Kd1 h4 59. Nd5 Qxd5+ 60. Ke1 Qe4+ 61. Kf1 h3 62.
Qg3 Qg2+ 63. Qxg2 hxg2+ 64. Kg1 Kg7 65. Kh2 g5 66. Kg1 Kg6 67. Kh2 f5 68. Kg1 Kh5 69. Kh2 Kh4 70. Kg1 Kh3 71. Kf2 Kh2 72.
Ke2 g1=Q 73. Kf3 g4+ 74. Ke2 Qd4 75. Kf1 Kg3 76. Ke1 Kf3 77. Kf1 Qd1# 0-1

[Event "*** SCC Grand Prix: Titled Tuesday Blitz"]
[Site "Chess.com"]
[Date "2020.07.07"]
[Round "2"]
[White "tylityli"]
[Black "Lucas_Tomiello"]
[Result "0-1"]
[WhiteElo "2170"]
[BlackElo "2423"]
[TimeControl "180+1"]
[EndTime "10:20:04 PDT"]
[Termination "Lucas_Tomiello won on time"]

1. d4 Nf6 2. c4 g6 3. Nc3 d5 4. cxd5 Nxd5 5. Bd2 Bg7 6. e4 Nb6 7.
Be3 O-O 8. Bb5 e5 9. Nf3 exd4 10.
Bxd4 c6 11. Be2 Bxd4 12. Qxd4 Qxd4 13. Nxd4 N8d7 14. f4 Re8 15. O-O f6 16. a4 a5 17. b3 Kg7 18. Bf3 Nc5 19. Rfd1 Ne6 20. g3 Nxd4 21. Rxd4 Be6 22. b4 Nc4 23. b5 c5 24. Rd3 Rad8 25. Rad1 Rxd3 26. Rxd3 Re7 27. Kf2 Nb2 28. Rd8 Bb3 29. b6 Nxa4 30. Nxa4 Bxa4 31.
Rc8 Bb3 32. Rxc5 a4 33. Ra5 Kf7 34. Ke3 Ke6 35. Kd4 Kd6 36. e5+ fxe5+ 37. fxe5+ Ke6 38. Bg4+ Kf7 39. Ra7 h5 40. Bf3 Rd7+ 41. Kc3 Ke6 42. Bxb7 Kxe5 43. Bc6 Rd6 44. Bxa4 Bxa4 45. Rxa4 Rxb6 46.
Kd3 Rb2 47. Ra5+ Kf6 48. Ra6+ Kg5 49. Ra5+ Kg4 50. Ra4+ Kf3 51. Ra6 g5 52. Rf6+ Kg4 53. h4 gxh4 54. gxh4 Kxh4 55. Ke3 Kg3 56. Rg6+ Kh3 57.
Kf3 h4 58. Rg5 Rb3+ 59. Kf2 Rb2+ 60. Kf3 Kh2 61. Rg4 h3 62. Rg5 Rb1 63. Kf2 Rb2+ 64.
Kf1 Rb6 65. Kf2 Rf6+ 66. Ke1 Kh1 67. Rg3 h2 68. Ke2 Rf5 69. Ke1 Ra5 70. Kf2 Ra2+ 71. Kf1 Ra1+ 72. Kf2 Rg1 0-1

[Event "*** SCC Grand Prix: Titled Tuesday Blitz"]
[Site "Chess.com"]
[Date "2020.07.07"]
[Round "2"]
[White "AlexOstrovskiy"]
[Black "RodinMihail"]
[Result "1/2-1/2"]
[WhiteElo "2662"]
[BlackElo "2477"]
[TimeControl "180+1"]
[EndTime "10:20:09 PDT"]
[Termination "Game drawn - insufficient material"]

1. d4 d5 2. Bf4 c5 3. e3 Nc6 4. c3 Nf6 5. Nd2 Bf5 6. Ngf3 e6 7. Qb3 Qd7 8. Ne5 Nxe5 9. dxe5 c4 10. Nxc4 dxc4 11. Bxc4 O-O-O 12. exf6 Qd2+ 13. Kf1 gxf6 14. Be2 Bc2 15. Qb5 e5 16. Bg3 Kb8 17. Re1 Rg8 18. h4 Bd6 19. h5 a6 20. Qa5 Bc7 21.
Qb4 f5 22. Rh4 Bd3 23. Bxd3 Qxd3+ 24. Kg1 Qd2 25. Rf1 f6 26. Rc4 Rd7 27. Rc6 f4 28.
exf4 Qd5 29. Rxc7 Rxc7 30. fxe5 fxe5 31. Re1 Re8 32. Qe4 Qxe4 33. Rxe4 Rce7 34. f3 Kc8 35. Kf2 Kd7 36. Ke2 Kd6 37. a4 Kd5 38. Bf2 b5 39.
axb5 axb5 40. Rb4 Rb7 41. Re4 Reb8 42. Bg3 Re8 43. Be1 Rg8 44. g4 Rf8 45. Bg3 Re7 46. Kd3 Rxf3+ 47. Re3 Rxe3+ 48. Kxe3 e4 49. g5 Rf7 50.
Bf4 Rf5 51. g6 hxg6 52. hxg6 Rf6 53. g7 Rg6 54. Bh6 Rg3+ 55. Kf4 Rg6 56. b3 Ke6 57. Kxe4 Kf7 58. Be3 Rxg7 59. Bd4 Rg4+ 60. Kd5 Rg5+ 61.
Kc6 Ke6 62. Bc5 Rg3 63. Bd4 Rg5 64. b4 Rd5 65. Bc5 Rd3 66. Bd4 Rh3 67. Kxb5 Kd5 68. Bc5 Rh7 69. c4+ Ke6 70. Bb6 Kd7 71. c5 Kc8 72. c6 Rh5+ 73. Bc5 Kc7 74. Kc4 Kxc6 75. Be3 Rh4+ 76. Bd4 Rg4 77. b5+ Kb7 78. Kc5 Rg5+ 79. Kc4 Rxb5 80. Kxb5 1/2-1/2

[Event "*** SCC Grand Prix: Titled Tuesday Blitz"]
[Site "Chess.com"]
[Date "2020.07.07"]
[Round "2"]
[White "nocnypako"]
[Black "Oleksandr_Bortnyk"]
[Result "1/2-1/2"]
[WhiteElo "2584"]
[BlackElo "2918"]
[TimeControl "180+1"]
[EndTime "10:20:10 PDT"]
[Termination "Game drawn by repetition"]

1. d4 Nf6 2. c4 e6 3. Nc3 d5 4.
cxd5 exd5 5. Bg5 Be7 6. e3 c6 7. Bd3 Nbd7 8. Nge2 Nf8 9. O-O Ne6 10. Bh4 O-O 11. Qc2 g6 12. f3 Re8 13. Rad1 Ng7 14. Bf2 Be6 15. e4 dxe4 16. Nxe4 Nd5 17. a3 Rc8 18. Nc5 b6 19. Nxe6 Nxe6 20. Nc3 Bf6 21. Nxd5 cxd5 22. Qa4 Re7 23. Ba6 Ra8 24. Bg3 h5 25. Rfe1 h4 26. Bf2 Kg7 27. Kf1 Qd6 28.
Kg1 Rae8 29. Qb4 Qxb4 30. axb4 Rc7 31. Rc1 Rxc1 32. Rxc1 Nxd4 33. Rd1 Ne2+ 34. Kf1 Nf4 35. g3 Nh3 36. Rxd5 Nxf2 37. Kxf2 Re7 38. b3 Rc7 39. Bc4 hxg3+ 40. hxg3 Bc3 41. b5 Bb4 42. f4 Bc5+ 43. Kf3 Re7 44. Rd3 f6 45. g4 g5 46. fxg5 fxg5 47. Rd5 Re3+ 48. Kg2 Kf6 49. Rd7 Ke5 50. Rf7 Rc3 51. Rf5+ Ke4 52. Rxg5 Kf4 53. Rf5+ Kxg4 54. Rf7 Rc2+ 55. Kf1 Bb4 56. Rxa7 Bc3 57. Rf7 Kg3 58. Rf8 Be5 59. Bd5 Bd6 60. Rf3+ Kg4 61. Rf7 Bf4 62.
Rg7+ Kf5 63. Rf7+ Ke5 64. Bc4 Be3 65. Ke1 Kd4 66. Rd7+ Kc5 67. Rd5+ Kb4 68. Rd3 Bc5 69. Rd2 Rc3 70. Rd3 Rc1+ 71. Rd1 Rc2 72. Rd2 Rc3 73. Rd3 Rxd3 74. Bxd3 Kxb3 75. Ke2 Kc3 76. Bf5 Kc4 77. Bd7 Kd5 78. Bc6+ Kd4 79. Be8 Be7 80.
Bc6 Kc4 81. Be8 Bf6 82. Bc6 Kc5 83. Be8 Kd6 84. Bc6 Bd4 85. Kd3 Bc5 86. Kc2 Ke7 87.
Kd3 Kd6 88. Kc2 Kc7 89. Kd3 Kd6 1/2-1/2

[Event "*** SCC Grand Prix: Titled Tuesday Blitz"]
[Site "Chess.com"]
[Date "2020.07.07"]
[Round "2"]
[White "stoleriu"]
[Black "Falia-p"]
[Result "1-0"]
[WhiteElo "2589"]
[BlackElo "2309"]
[TimeControl "180+1"]
[EndTime "10:20:12 PDT"]
[Termination "stoleriu won on time"]

1. e4 c6 2. Nf3 d5 3. exd5 cxd5 4. Ne5 Nc6 5. d4 Nf6 6. Bb5 Qb6 7. Nc3 e6 8. O-O Bd6 9. Re1 O-O 10. Bxc6 bxc6 11.
Bg5 Nd7 12. Na4 Qc7 13. Nxd7 Bxd7 14. h3 c5 15. Nxc5 Bxc5 16. dxc5 Qxc5 17. c3 f6 18. Be3 Qc7 19. f4 Rfe8 20. Bd4 e5 21.
fxe5 fxe5 22. Bf2 Bc6 23. Qh5 Qf7 24. Rxe5 Qxh5 25. Rxh5 Re2 26. b4 d4 27. cxd4 Rf8 28. Rf1 Rxa2 29. Rc5 Be4 30. Rc3 Rb2 31. Rg3 g6 32. Be3 Rxf1+ 33. Kxf1 Rxb4 34. Rg5 Rb2 35. Re5 Bxg2+ 36. Ke1 Bxh3 37. Re7 Bg4 38. Bd2 a6 39. d5 Rb5 40. d6 Rd5 41. Bf4 h5 42. Ra7 a5 43. Kf2 h4 44. Ke3 Bf5 45. Bh2 Rd3+ 46. Kf4 Rd2 47. Bg1 h3 48. Kg5 Rxd6 49. Rxa5 Rd2 50.
Kf6 Rg2 51. Ra8+ Kh7 52. Ra7+ Kh6 53. Be3+ Kh5 54. Rh7+ Kg4 55. Bd4 h2 56. Be5 Rc2 57. Bxh2 Rc6+ 58. Ke5 Re6+ 59. Kd5 Re1 60. Be5 Rd1+ 61.
Bd4 Kf3 62. Rh2 Be4+ 63. Ke5 Bf5 64. Rf2+ Kg3 65. Rb2 Re1+ 66. Kf6 Kg4 67. Rg2+ Kh3 68.
Rb2 Rf1 69. Kg5 Rd1 70. Be5 1-0

[Event "*** SCC Grand Prix: Titled Tuesday Blitz"]
[Site "Chess.com"]
[Date "2020.07.07"]
[Round "2"]
[White "fish7728"]
[Black "amatatanav"]
[Result "0-1"]
[WhiteElo "2174"]
[BlackElo "2426"]
[TimeControl "180+1"]
[EndTime "10:20:16 PDT"]
[Termination "amatatanav won by checkmate"]

1. d4 Nf6 2. c4 e6 3. Nc3 d5 4.
cxd5 exd5 5. Bg5 Be7 6. e3 h6 7. Bf4 O-O 8. Bd3 Bd6 9. Bxd6 Qxd6 10. Nf3 Bg4 11. h3 Bxf3 12. Qxf3 c6 13. O-O-O b5 14. g4 a5 15. h4 a4 16. g5 Nfd7 17. gxh6 Qxh6 18.
h5 b4 19. Ne2 a3 20. b3 c5 21. Qxd5 Nb6 22. Qf5 cxd4 23. Nxd4 N8d7 24. Rhg1 Rac8+ 25. Kb1 Rc5 26. Qf4 Qxf4 27. exf4 Rxh5 28. Nf5 g6 29. Ne7+ Kg7 30. f5 Kf6 31. Nxg6 fxg6 32. Rxg6+ Kf7 33. Re1 Re8 34. Reg1 Rf8 35. Rg7+ Ke8 36. Re1+ Kd8 37. Ree7 Rhxf5 38. Bxf5 Rxf5 39. Re2 Nd5 40. Rd2 N5b6 41. Rg8+ Kc7 42. Rc2+ Kd6 43. Rg7 Nd5 44. Rg6+ Rf6 45.
Rxf6+ N7xf6 46. Rc4 Ke5 47. f4+ Kf5 48. Rd4 Ke6 49.
Rc4 Nh5 50. f5+ Kxf5 51. Kc2 Nhf6 52. Kd3 Ke5 53. Rc5 Kd6 54. Ra5 Nd7 55. Ra6+ Ke5 56. Ra5 Ke6 57. Ra6+ Ke5 58. Ra5 Nf6 59. Kc4 Ke4 60.
Ra6 Ke5 61. Ra5 Ke6 62. Ra6+ Kd7 63. Ra7+ Kc6 64. Ra4 Nb6+ 65. Kd4 Nxa4 66. bxa4 Kb6 67. Kc4 Ka5 68. Kb3 Nd7 69. Kc4 Nb6+ 70. Kb3 Nxa4 71. Kc2 Nc3 72. Kb3 Kb5 73. Kc2 Nxa2 74. Kb1 Nc3+ 75.
Ka1 Na4 76. Ka2 Kc4 77. Kb1 b3 78. Ka1 b2+ 79. Kb1 Nc3+ 80. Kc2 b1=Q+ 81. Kd2 Qd3+ 82. Kc1 Qd1# 0-1

[Event "*** SCC Grand Prix: Titled Tuesday Blitz"]
[Site "Chess.com"]
[Date "2020.07.07"]
[Round "2"]
[White "tk22h"]
[Black "Paladin61"]
[Result "0-1"]
[WhiteElo "2288"]
[BlackElo "2639"]
[TimeControl "180+1"]
[EndTime "10:20:17 PDT"]
[Termination "Paladin61 won on time"]

1. c4 Nf6 2. Nc3 g6 3. Nf3 Bg7 4. g3 O-O 5. Bg2 d6 6. d4 Nc6 7. O-O a6 8. b3 Rb8 9. Bb2 b5 10. cxb5 axb5 11. Rc1 b4 12. Na4 Na5 13. Re1 Bb7 14.
Qd2 Bd5 15. Ng5 Bxg2 16. Kxg2 Nd7 17. d5 Bxb2 18. Nxb2 Nc5 19. Nc4 c6 20. Nxa5 Qxa5 21. dxc6 Qa8 22. e4 Qxc6 23. f3 Qa6 24. Rc4 Ra8 25.
Re2 h6 26. Nh3 Kh7 27. Nf4 e6 28. h4 Rfb8 29. Qe3 Qa7 30. Rd2 Nd7 31. Qxa7 Rxa7 32. Rc6 Rb6 33. Rxb6 Nxb6 34. Rxd6 Rxa2+ 35. Kg1 Na8 36.
Rd7 Kg8 37. Rb7 Rb2 38. Rb8+ Kg7 39. Rxa8 Rxb3 40. Kf2 g5 41. hxg5 hxg5 42. Ne2 Rb2 43. Rb8 Kf6 44. Ke3 Rb3+ 45. Kf2 Rb2 46. f4 g4 47. Rb7 Kg6 48. Ke3 Rb3+ 49. Kd4 Kf6 50. e5+ Kg6 51. Nc1 Rxg3 52. Rxb4 Rg2 53. Nd3 Kf5 54.
Rb2 Rxb2 55. Nxb2 Kxf4 56. Nd3+ Kf3 57. Ne1+ Kf2 58. Nd3+ Ke2 59. Nf4+ Kf3 60. Nh5 g3 61.
Nxg3 Kxg3 62. Ke4 Kg4 63. Ke3 Kf5 64. Kd4 Kf4 0-1

[Event "*** SCC Grand Prix: Titled Tuesday Blitz"]
[Site "Chess.com"]
[Date "2020.07.07"]
[Round "2"]
[White "FontVella8"]
[Black "LikeWater"]
[Result "1/2-1/2"]
[WhiteElo "2446"]
[BlackElo "2657"]
[TimeControl "180+1"]
[EndTime "10:20:18 PDT"]
[Termination "Game drawn - insufficient material"]

1. e4 c5 2. Nf3 e6 3. d4 cxd4 4. Nxd4 Nc6 5. Nc3 Qc7 6. Be3 Nf6 7. f4 Nxd4 8. Qxd4 b6 9. O-O-O Bb7 10. Be2 Rc8 11. Bf3 Bc5 12. Qd3 O-O 13. Kb1 d5 14. e5 Nd7 15. Bd4 Bxd4 16. Qxd4 Qc5 17. Rhe1 a6 18. f5 Qxd4 19. Rxd4 b5 20. Bg4 Nc5 21. a4 bxa4 22. Nxa4 exf5 23. Bxf5 Ne6 24. Bxe6 fxe6 25.
b4 Rf2 26. Nc5 Rc7 27. Kb2 a5 28. Kb3 axb4 29. Kxb4 Bc8 30. Rc1 Rxg2 31. Kb5 Rxh2 32. Kb6 Rf7 33. c4 Rb2+ 34. Kc6 dxc4 35. Rd8+ Rf8 36. Rcd1 Ba6 37. Nxa6 c3 38. Rxf8+ Kxf8 39. Nc5 c2 40. Rc1 Ke7 41. Nd3 Ra2 42. Nb4 Ra5 43. Nd3 Rd5 44. Nb4 Rxe5 45. Rxc2 Re1 46. Kc5 Kf6 47.
Kd4 Rd1+ 48. Ke4 Rh1 49. Nd3 h5 50. Nf4 g5 51. Ne2 g4 52. Kf4 e5+ 53. Ke4 h4 54. Rc6+ Kg5 55. Kxe5 g3 56. Nf4 Kg4 57. Rg6+ Kf3 58.
Rh6 Re1+ 59. Kf5 Rh1 60. Ng6 g2 61. Ne5+ Kf2 62. Ng4+ Ke2 63. Re6+ Kd3 64. Re3+ Kd4 65. Re4+ Kd5 66. Ne3+ Kc5 67. Nxg2 h3 68. Ne3 Rg1 69. Rh4 Rg3 70. Ng4 Kd6 71. Kf4 Ra3 72. Kg5 Kd5 73. Nf6+ Ke6 74. Ne4 Ke5 75. Nf6 Rg3+ 76. Ng4+ Ke4 77. Rh8 Kf3 78. Rf8+ Kg2 79. Rf2+ Kg1 80.
Ra2 h2 81. Rxh2 Rxg4+ 82. Kxg4 Kxh2 1/2-1/2

[Event "*** SCC Grand Prix: Titled Tuesday Blitz"]
[Site "Chess.com"]
[Date "2020.07.07"]
[Round "2"]
[White "alexrustemov"]
[Black "SamuelGhimpu2003"]
[Result "1-0"]
[WhiteElo "2720"]
[BlackElo "2497"]
[TimeControl "180+1"]
[EndTime "10:20:20 PDT"]
[Termination "alexrustemov won by resignation"]

1. d4 Nf6 2. c4 g6 3. Nf3 Bg7 4. g3 c6 5. Bg2 d5 6. b3 O-O 7. O-O Bf5 8. Nc3 Ne4 9. Bb2 Nd7 10. e3 a5 11. Rc1 Nxc3 12. Bxc3 Be4 13. Qe2 Qb6 14.
Rfd1 Qa6 15. Bf1 Rfc8 16. Nh4 Nf6 17. f3 Bf5 18. Nxf5 gxf5 19. cxd5 Qxe2 20. Bxe2 Nxd5 21.
Bd2 a4 22. b4 a3 23. Kf2 e6 24. Rb1 b5 25. Rb3 Ra4 26. f4 Bf8 27. Rdb1 Nf6 28. Bf3 Ne4+ 29. Ke2 Bd6 30. Be1 Kf8 31. g4 Nf6 32. h3 Nd5 33. Kd3 Ke7 34. Bd2 Kd7 35. gxf5 exf5 36. Bxd5 cxd5 37. Rg1 Ke6 38. Rg7 Kf6 39.
Rg1 Rc4 40. Rgb1 Rc8 41. Bc3 Rg8 42. Bd2 Rg3 43. Rc1 Rxh3 44. Rc6 Ke7 45. Rb6 Bxf4 46. Ke2 Bd6 47. Rxb5 Ra8 48. Rxd5 Rg8 49. Kd3 f4 50. Kc4 Rgg3 51. exf4 Rxb3 52. axb3 Rh2 53. Bc3 Bxf4 54.
Ra5 a2 55. b5 Rc2 56. Kd3 Rc1 57. b6 Rb1 58. Kc4 Rc1 59. Kd3 Rb1 60. b4 Kd7 61. d5 Kc8 62. Ra7 Kb8 63. Kc4 Rc1 64. Kd4 Rb1 65. Kc5 Bc1 66. d6 Bf4 67. d7 Rd1 68. Kc6 Rd6+ 69. Kb5 Rd1 70. Bf6 Rd6 71. d8=Q+ Rxd8 72. Bxd8 1-0

[Event "*** SCC Grand Prix: Titled Tuesday Blitz"]
[Site "Chess.com"]
[Date "2020.07.07"]
[Round "2"]
[White "Matveev_Vladimir"]
[Black "Artur0208"]
[Result "1-0"]
[WhiteElo "2540"]
[BlackElo "2778"]
[TimeControl "180+1"]
[EndTime "10:20:25 PDT"]
[Termination "Matveev_Vladimir won by resignation"]

1. d4 d5 2. c4 dxc4 3. e4 Nf6 4. e5 Nd5 5. Bxc4 Nb6 6. Bd3 Nc6 7. Be3 Nb4 8. Be4 c6 9. Nc3 N4d5 10. Rc1 Be6 11. Nge2 Nxe3 12. fxe3 Nc4 13. Kf2 Nxb2 14. Qc2 Nc4 15. Nf4 g6 16. Nxe6 fxe6 17. Qd3 Nb6 18. Rb1 Bg7 19. h4 O-O+ 20. Ke2 Nd5 21. h5 Qa5 22. Rb3 Nxc3+ 23. Rxc3 Qxa2+ 24. Rc2 Qa6 25.
Qxa6 bxa6 26. hxg6 hxg6 27. Rxc6 Rab8 28. Bxg6 Rb2+ 29.
Kd3 Rfb8 30. Rxe6 Rxg2 31. Ke4 Rb6 32. Bf5 Kf7 33. Bh3 Rf2 34. Rg1 Rfb2 35. Bf5 a5 36. Reg6 Rxg6 37. Bxg6+ Kf8 38. Rc1 Rb8 39. Rc5 Bh6 40. Rxa5 Rb3 41. Rxa7 Rxe3+ 42. Kf5 Rg3 43. Ra8+ Kg7 44. Be8 Be3 45. Ke4 Bf2 46. Rd8 Bg1 47.
Bc6 Rg4+ 48. Kd3 Kf7 49. Kc4 Bf2 50. Bd5+ Kg6 51. Rg8+ Kf5 52. Be6+ Kxe6 53. Rxg4 Kf5 54. Rg2 Be3 55. Rg7 e6 56. Rd7 Ke4 57. Rd6 Kf5 58. Kc5 Bf2 59. Kc4 Be3 60. Kd3 Bg1 61. Rd8 Kg6 62.
Rf8 Kg7 63. Rf6 Bxd4 64. Rxe6 Bc5 65. Ke4 Kf7 66. Kf5 Be7 67. Ra6 Bd8 68. Ra7+ Be7 69. Rb7 Kf8 70. Rb8+ Kf7 71. Rb7 Kf8 72. Rb8+ Kf7 73.
e6+ Kg7 74. Rb7 Kf8 75. Kg6 Bh4 76. Rh7 Bd8 77. Rh8+ Ke7 78. Rxd8 Kxd8 79. Kf7 1-0

[Event "*** SCC Grand Prix: Titled Tuesday Blitz"]
[Site "Chess.com"]
[Date "2020.07.07"]
[Round "2"]
[White "BlueWizzard"]
[Black "pedromartinez91"]
[Result "0-1"]
[WhiteElo "2767"]
[BlackElo "2536"]
[TimeControl "180+1"]
[EndTime "10:20:29 PDT"]
[Termination "pedromartinez91 won by resignation"]

1. d4 d5 2. Nc3 Nf6 3. Bf4 a6 4. Nf3 c5 5. e3 Nc6 6. Ne5 e6 7. a3 Be7 8. dxc5 Bxc5 9. Bd3 Bd6 10. Nxc6 bxc6 11. Bg5 Rb8 12. Rb1 Qa5 13. O-O e5 14. Bxf6 gxf6 15. e4 Be6 16. Qf3 f5 17. exd5 cxd5 18.
Bxf5 e4 19. Qh5 Ke7 20. Bxe6 fxe6 21. Nxe4 Rbg8 22. Qh4+ Kd7 23. Nf6+ Kc6 24. Nxg8 Rxg8 25. Qxh7 Qd8 26. c4 Rh8 27. cxd5+ Kb6 28. Qxh8 Qxh8 29. g3 exd5 30. b4 d4 31. Rbd1 Kb5 32. Rd3 Kc4 33. Rf3 Qh5 34. Kg2 Qd5 35. Rd1 Be5 36. h4 Qe4 37. h5 Kd5 38. h6 Kc4 39. h7 Qxh7 40.
Re1 Kd5 41. Rf8 Qd7 42. Rg8 Kd6 43. Rg6+ Kc7 44. Rxe5 d3 45. Rc5+ Kb7 46. Rc1 d2 47. Rd1 Qd5+ 48. Kf1 Qd3+ 49. Kg1 Qe2 50. Rg7+ Kb6 51.
Rg6+ Kb5 52. Rg5+ Kc4 53. Rc5+ Kb3 54. Rxd2 Qxd2 55. Ra5 Qe2 56. Kg2 Qe4+ 57. Kg1 Kc3 58. Rxa6 Kd2 59. Rf6 Ke2 60. Rf4 Qb1+ 61. Kg2 Qf1+ 62.
Kh2 Qa1 63. b5 Qxa3 64. Rf5 Kf1 65. Kh3 Qd3 66. Kg4 Qe2+ 67. Kg5 Qe7+ 68. Kg4 Qe4+ 69. f4 Qe6 70. Kg5 Qe7+ 71. Kh5 Qh7+ 72. Kg4 Qg7+ 73.
Rg5 Qd7+ 74. Kh4 Qh7+ 75. Kg4 Qd7+ 76. Rf5 Qg7+ 77. Kf3 Qc3+ 78. Ke4 Kg2 79. g4 Qc2+ 80. Ke5 Qc5+ 81. Kf6 Qf8+ 82. Kg6 Qg8+ 83. Kh5 Qh7+ 84.
Kg5 Qg7+ 85. Kh5 Kg3 86. Re5 Qxg4+ 87. Kh6 Qxf4+ 88. Kh7 Qxe5 89. b6 Qb5 90. b7 Qxb7+ 0-1

[Event "*** SCC Grand Prix: Titled Tuesday Blitz"]
[Site "Chess.com"]
[Date "2020.07.07"]
[Round "2"]
[White "ValentinDragnev"]
[Black "2346PL"]
[Result "1/2-1/2"]
[WhiteElo "2754"]
[BlackElo "2413"]
[TimeControl "180+1"]
[EndTime "10:20:34 PDT"]
[Termination "Game drawn by repetition"]

1. Nf3 d6 2. c4 f5 3. Nc3 Nf6 4. d4 g6 5. g3 Bg7 6. Bg2 O-O 7. O-O Qe8 8. d5 Na6 9. Nd4 Bd7 10. Re1 Nc5 11. Bf4 c6 12. e4 fxe4 13. Nxe4 Nfxe4 14. Bxe4 Nxe4 15. Rxe4 cxd5 16. cxd5 Rc8 17. Bg5 Qf7 18. Qd2 Bf6 19. Bxf6 Qxf6 20. Rae1 Rf7 21. h4 Rc5 22. Ne6 Bxe6 23. Rxe6 Qf3 24. Rxe7 Rxe7 25. Rxe7 Rxd5 26. Qb4 Rd1+ 27. Re1 Rxe1+ 28. Qxe1 Kf7 29. Qb4 Qc6 30. Qb3+ d5 31. Qe3 a6 32. Qf4+ Kg7 33.
Kh2 h5 34. Qe5+ Kf7 35. Qd4 Ke6 36. Qe3+ Kd7 37. b3 Qe6 38. Qa7 Kc7 39. Qc5+ Kb8 40. Qf8+ Ka7 41. Qc5+ Kb8 42. a4 Qe4 43. Qd6+ Ka7 44.
Qc5+ Kb8 45. a5 d4 46. Qd6+ Ka7 47. Qb6+ Ka8 48. b4 d3 49. Qd8+ Ka7 50. Qb6+ Ka8 51. Qd6 Qf3 52. Qd8+ Ka7 53. Qd4+ Ka8 54. Kg1 Qd1+ 55.
Kh2 Qf3 56. Kg1 Qd1+ 57. Kg2 Qe2 58. Qd8+ Ka7 59. Qd4+ Ka8 60. Qd8+ Ka7 61. b5 axb5 62. Qb6+ Ka8 63. a6 bxa6 64. Qxa6+ Kb8 65. Qxb5+ Ka8 66.
Qa6+ Kb8 67. Qb6+ Ka8 68. Qc6+ Kb8 69. Qd6+ Ka8 70. Qf8+ Ka7 71. Qf7+ Ka8 72. Qg8+ Ka7 73. Qg7+ Ka8 74. Qg8+ Ka7 75. Qc4 Qc2 76. Qf7+ Ka8 77. Qe8+ Kb7 78. Qb5+ Kc7 79. Qa5+ Kb7 80. Qb5+ Ka7 81.
Qa5+ Kb7 82. Qb4+ Kc6 83. Qe4+ Kc5 84. Qxg6 Kb4 85. Qd6+ Kc3 86. Qc5+ Kb2 87. Qb4+ Kc1 88. Qe1+ Kb2 89. Qb4+ Kc1 90. Qe1+ Kb2 91. Qb4+ 1/2-1/2

[Event "*** SCC Grand Prix: Titled Tuesday Blitz"]
[Site "Chess.com"]
[Date "2020.07.07"]
[Round "2"]
[White "pavlitas17"]
[Black "chess94cu"]
[Result "0-1"]
[WhiteElo "2290"]
[BlackElo "2621"]
[TimeControl "180+1"]
[EndTime "10:20:36 PDT"]
[Termination "chess94cu won by resignation"]

1. d4 Nf6 2. c4 e6 3. Nf3 c5 4.
d5 exd5 5. cxd5 d6 6. Nc3 g6 7. Bf4 Bg7 8. h3 O-O 9. e3 a6 10. a4 Ne8 11. Be2 Nd7 12. O-O Qe7 13. Ra3 Rb8 14.
a5 Nc7 15. Qc2 b5 16. axb6 Rxb6 17. Re1 Ne5 18. Nxe5 Bxe5 19. Bxe5 Qxe5 20. Bf3 Bf5 21. e4 Bd7 22. Qd2 Rfb8 23. Ra2 Rb4 24. Qc1 Nb5 25. Nxb5 axb5 26. Ra7 Rd8 27. Re2 Rb3 28. Rc2 Bxh3 29.
Rc3 Rxc3 30. bxc3 Bd7 31. g3 h5 32. Kg2 Bg4 33. Bxg4 hxg4 34. Qf4 Qxf4 35. gxf4 Rb8 36. Ra3 Re8 37. f3 gxf3+ 38. Kxf3 f5 39. exf5 gxf5 40. Rb3 Rb8 41. Rb1 Kf7 42. Ke3 Kf6 43. Kd3 Kg6 44. Rg1+ Kf6 45. Rb1 Rb7 46. Rb2 Ke7 47. Rh2 Rb8 48.
Rh7+ Kf6 49. Rh6+ Ke7 50. Rh7+ Kd8 51. Rf7 b4 52. cxb4 cxb4 53. Kc2 b3+ 54. Kb2 Rb4 55.
Rxf5 Kc7 56. Rf8 Rd4 57. Kxb3 Rxd5 58. Kc4 Rd1 59. f5 Kd7 60. Kc3 Ke7 61. Rh8 Rf1 62.
Rh7+ Kf6 63. Rh6+ Ke5 64. f6 Rf3+ 65. Kd2 Rxf6 66. Rh5+ Kd4 67. Rh4+ Kd5 68. Rh5+ Kc4 69. Rh4+ Kc5 70. Rh5+ d5 71. Rh4 Rf3 72. Rg4 Ra3 73. Rh4 d4 74. Rh5+ Kc4 75. Rh8 Ra2+ 76. Kd1 Kc3 77.
Rc8+ Kd3 78. Ke1 Ra1+ 79. Kf2 Kd2 80. Rd8 d3 81. Rc8 Ra7 82. Rc6 Rf7+ 83. Kg1 Ke1 84. Re6+ Kd1 85. Rd6 d2 86. Rc6 Rf4 87. Rc8 Ke2 88.
Re8+ Kd3 89. Rd8+ Rd4 90. Rxd4+ Kxd4 91. Kf1 d1=Q+ 92. Kf2 Qd2+ 0-1

[Event "*** SCC Grand Prix: Titled Tuesday Blitz"]
[Site "Chess.com"]
[Date "2020.07.07"]
[Round "2"]
[White "talman67"]
[Black "esrosenberg"]
[Result "1-0"]
[WhiteElo "2495"]
[BlackElo "2287"]
[TimeControl "180+1"]
[EndTime "10:20:42 PDT"]
[Termination "talman67 won by resignation"]

1. e4 e5 2. Nf3 Nc6 3. Bb5 a6 4. Ba4 Nf6 5. O-O Be7 6. Re1 b5 7. Bb3 O-O 8. a4 Bb7 9. d3 d6 10. Nc3 b4 11. Nd5 Nxd5 12. Bxd5 Na5 13. Ba2 b3 14. cxb3 Nc6 15. d4 exd4 16. Nxd4 Nb4 17. Bb1 Bf6 18. Be3 Re8 19. Qd2 a5 20. f3 g6 21. Bc2 h5 22. Rac1 Kg7 23. Bd3 Nxd3 24. Qxd3 c5 25. Nb5 Ba6 26. Qxd6 Bxb5 27. Qxd8 Rexd8 28. axb5 Bd4 29. Bxd4+ cxd4 30. Rc5 a4 31. b6 axb3 32. Rb5 d3 33. Rd1 d2 34. b7 Rab8 35.
Rxb3 Rd7 36. Kf2 Rdxb7 37. Rxb7 Rxb7 38. Rxd2 f5 39. exf5 gxf5 40. Ke3 Kf6 41. Kd3 Ke5 42. g3 Rd7+ 43. Ke3 Rb7 44. Kd3 f4 45. Re2+ Kf5 46. Kc2 fxg3 47. hxg3 Rc7+ 48. Kd3 Rd7+ 49. Ke3 Rb7 50. Kf2 Rb3 51. Kg2 h4 52. gxh4 Kf4 53. Re4+ Kf5 54. Re2 Kf4 55. h5 Rb5 56. Re4+ Kf5 57.
b4 Rb8 58. Kg3 Rg8+ 59. Rg4 Rb8 60. h6 Rh8 61. Rh4 Kg5 62. f4+ Kg6 63. Kf3 Kh7 64.
Ke3 Re8+ 65. Kd4 Rd8+ 66. Kc5 Rc8+ 67. Kd6 Rb8 68. f5 Rb6+ 69. Kc5 Rf6 70. b5 Rxf5+ 71.
Kb4 Rf1 72. b6 Rb1+ 73. Kc5 Rc1+ 74. Kb5 Rb1+ 75. Kc6 Rc1+ 76. Kd7 Rd1+ 77. Kc7 Rc1+ 78. Kb8 Rg1 79. b7 Rg8+ 80. Ka7 Rg4 81. Rxg4 1-0

[Event "*** SCC Grand Prix: Titled Tuesday Blitz"]
[Site "Chess.com"]
[Date "2020.07.07"]
[Round "2"]
[White "zaur-mammadov"]
[Black "Jospem"]
[Result "1-0"]
[WhiteElo "2589"]
[BlackElo "2892"]
[TimeControl "180+1"]
[EndTime "10:21:14 PDT"]
[Termination "zaur-mammadov won by resignation"]

1. e4 e5 2. Nf3 Nc6 3. Nc3 Nf6 4. Be2 Bc5 5. Nxe5 Nxe5 6. d4 Bd6 7. dxe5 Bxe5 8. Nb5 a6 9. f4 axb5 10. fxe5 Nxe4 11.
Qd4 Ng5 12. O-O Ne6 13. Qe4 d5 14. exd6 Qxd6 15. Bxb5+ Bd7 16. Bd3 Bc6 17. Qf5 Qc5+ 18. Qxc5 Nxc5 19. Re1+ Ne6 20. Bf4 O-O 21. Bg3 Rfe8 22. a3 Nc5 23. Bc4 b5 24. Bf1 Ne6 25. Re3 Nd4 26. Rxe8+ Rxe8 27. Bxc7 h5 28. c3 Nc2 29.
Rd1 Ne3 30. Rd6 Nxf1 31. Kxf1 Re6 32. Rxe6 fxe6 33. g3 g5 34. Ke2 Kf7 35. Ke3 Ke8 36.
Kd4 Kd7 37. Be5 Bf3 38. Kc5 Be2 39. h4 gxh4 40. gxh4 Kc8 41. b3 Bd3 42. Kd6 Bc2 43. c4 bxc4 44. bxc4 Bb3 45. c5 Bc2 46. Kxe6 Kb7 47. Kd6 Ba4 48. Bd4 Bc6 49. Ke5 Ba4 50. Ke4 Bc6+ 51. Kd3 Ba4 52. Kc4 Bc6 53. Kb4 Ka6 54. a4 Bd7 55. a5 Bc6 56. Be5 Bd7 57.
Bc7 Bc6 58. Bb6 Kb7 59. Kc3 Bb5 60. Kd4 Kc6 61. Ke5 Ba6 62. Ke6 Bb7 63. Ke7 Ba6 64.
Kd8 Bb7 65. Ke7 Ba6 66. Kf6 Kb7 67. Kf5 Be2 68. Ke5 Kc6 69. Ke6 Ba6 70. Kf6 Kb7 71.
Kg5 Be2 72. Bd8 Bd1 73. Kf6 Be2 74. Bb6 Kc6 75. Kg6 Kb7 76. Kg5 Bd1 77. Kf6 Be2 78. Ke7 Kc6 79. Kd8 Ba6 80. Ke7 Bb7 81. Kf6 Ba6 82. Kf5 Kb7 83. Kg6 Be2 84. Kg5 Bd1 85. Kf4 Be2 86. Ke5 Ba6 87. Kd4 Kc6 88. Ke5 Bb7 89. Kf5 Ba6 90. Ke6 Bb5 91. Ke7 Be2 92.
Kf6 Kb7 93. Kf5 Bd1 94. Ke5 Kc6 95. a6 Be2 96. a7 Kb7 97. Kd6 Bf3 98. c6+ Ka8 99. c7 Bg4 100. Ke7 Kb7 101. Kd8 Bf5 102. Be3 Bg4 103. Bd4 Ka8 104. Be5 Kxa7 105. c8=Q Bxc8 106. Kxc8 Kb6 107. Kd7 1-0